 Dungeon Crawl Stone Soup version 0.25-a0-547-g27a0b5d1ef (webtiles) character file.

Game seed: 18011922395398600088, levelgen mode: classic

29025 EnegeticOcto the Champion of Chaos (level 13, -6/135 HPs)
             Began as a Deep Dwarf Fighter on Feb 21, 2020.
             Was the Champion of Makhleb.
             Mangled by a centaur warrior
             ... wielding the +8 arc blade {discharge, rElec}
              (13 damage)
             ... on level 13 of the Dungeon.
             The game lasted 00:07:57 (9215 turns).

EnegeticOcto the Champion of Chaos (DDFi)           Turns: 9215, Time: 00:07:57

Health: -6/135     AC: 15    Str: 29    XL:     13   Next: 12%
Magic:  10/10 (1)  EV: 10    Int:  8    God:    Makhleb [******]
Gold:   854        SH: 13    Dex: 12    Spells: 12/12 levels left

rFire    + . .     SeeInvis +   a - +2 broad axe (vorpal)
rCold    . . .     Gourm    .   c - +1 kite shield
rNeg     + . .     Faith    .   g - +0 plate armour
rPois    .         Spirit   .   (helmet restricted)
rElec    .         Reflect  .   q - +0 cloak
rCorr    .         Harm     +   (no gloves)
MR       +....                  (no boots)
Stlth    ..........             w - amulet of harm
HPRegen  0.00/turn              E - ring "Fobeoh" {*Drain rN+ MP+9 SInv}
MPRegen  0.12/turn              d - +3 ring of strength

@: non-regenerating
A: damage resistance, heal wounds, horns 1, talons 1, fire resistance 1, sense
surroundings 2, robust 1, no regeneration
a: Heal Wounds, Minor Destruction, Lesser Servant of Makhleb, Major Destruction,
Greater Servant of Makhleb, Renounce Religion


You were on level 13 of the Dungeon.
You worshipped Makhleb.
Makhleb was exalted by your worship.
You were very hungry.

You visited 1 branch of the dungeon, and saw 13 of its levels.
You also visited: Gauntlet.

You collected 854 gold pieces.

Inventory:

Hand Weapons
 a - a +2 vorpal broad axe (weapon)
Missiles
 u - 3 throwing nets (quivered)
Armour
 c - a +1 kite shield (worn)
 g - a +0 plate armour (worn)
 q - a +0 cloak (worn)
Jewellery
 d - a +3 ring of strength (right hand)
 h - an uncursed ring of resist corrosion
 w - an amulet of harm (around neck)
 B - an uncursed amulet of the gourmand {unknown}
 E - the ring "Fobeoh" (left hand) {*Drain rN+ MP+9 SInv}
   (You found it in a Gauntlet)

   [ring of magical power]

   It protects you from negative energy.
   It affects your magic capacity (+9).
   It lets you see invisible.
   It causes draining when unequipped.
 F - the amulet "Vuirhez" {Reflect rC+ rN+ Int+9 Dex-3 SH+4}
   (You found it in a Gauntlet)

   [amulet of reflection]

   It shields you and reflects attacks.
   It affects your intelligence (+9).
   It affects your dexterity (-3).
   It protects you from cold.
   It protects you from negative energy.
   It affects your SH (+4).
Wands
 s - a wand of flame (17)
 z - a wand of digging (7) {@v2}
 A - a wand of acid (5) {@v1}
 C - a wand of polymorph (7)
Scrolls
 b - 4 scrolls of enchant armour
 f - a scroll of blinking {@r3}
 o - 2 scrolls of amnesia
 p - 6 scrolls of remove curse {@r6}
 y - 3 scrolls of teleportation {@r2}
Potions
 i - 3 potions of lignification {@q7}
 j - 2 potions of stabbing {@q5}
 k - 2 potions of might {@q3}
 l - 8 potions of curing {@q1}
 m - a potion of resistance {@q6}
 n - 2 potions of haste {@q4}
 r - a potion of magic {unknown}
 t - a potion of ambrosia
 v - 4 potions of heal wounds {@q2}
 x - a potion of cancellation
 D - a potion of berserk rage
Comestibles
 e - 18 rations


   Skills:
 * Level 10.2 Fighting
 * Level 11.8 Axes
 + Level 9.0 Armour
 + Level 8.3 Dodging
 + Level 9.1 Shields
 * Level 13.1 Invocations


You had 12 spell levels left.
You didn't know any spells.
Your spell library was empty.

Dungeon Overview and Level Annotations

Branches:
Dungeon (13/15)            Temple (0/1) D:4            Lair (0/6) D:9
    Orc (0/2) D:10        Gauntlet (visited)
 Vaults: D:13-14

Altars:
Ashenzari
Dithmenos
Gozag
Hepliaklqana
Makhleb
Nemelex Xobeh
Okawaru
Qazlal
Ru
Uskayaw
Vehumet
Wu Jian
Xom
Zin

Shops:
D:4 %

Annotations:
D:6 1 runed translucent door, derval's ghost, novice DEIE
D:9 1 runed translucent door


Innate Abilities, Weirdness & Mutations

You are resistant to damage.
You can heal yourself by infusing magical energy.
You passively map the area around you.
You do not regenerate.
You have a pair of small horns on your head.
You have sharp toenails.
Your flesh is heat resistant. (rF+)
You are robust. (+10% HP)


Message History

The bolt of acid hits the skeletal warrior.
The skeletal warrior is splashed with acid.
The skeletal warrior seems to be corroded for longer.
The skeletal warrior is severely damaged.
The bolt of acid hits the storm dragon.
The storm dragon is splashed with acid.
The storm dragon seems to be corroded for longer.
The storm dragon is heavily wounded.
The bolt of acid misses the orc knight.
You hear a bark!
You block the sixfirhy's attack. The sixfirhy hits you.
The sixfirhy shocks you!
The sixfirhy hits you but does no damage.
You block the skeletal warrior's attack.
The sixfirhy hits you but does no damage.
You completely miss the skeletal warrior.
Your kick misses the skeletal warrior.
The skeletal warrior is severely damaged.
Your plate armour prevents you from hitting the sixfirhy.
The skeletal warrior hits you with a +0 scimitar.
Your plate armour prevents you from hitting the skeletal warrior.
You claw the skeletal warrior, but do no damage.
The skeletal warrior is severely damaged.
You slash the sixfirhy!
You block the skeletal warrior's attack.
You slice the skeletal warrior!!
You destroy the skeletal warrior!
Makhleb accepts your kill.
You feel better.
You miss the sixfirhy. You block the sixfirhy's attack. x2
The storm dragon breathes lightning at you.
The bolt of lightning hits the centaur warrior!
The centaur warrior resists.
The bolt of lightning hits you!!
* * * LOW HITPOINT WARNING * * *
The bolt of lightning hits you!
* * * LOW HITPOINT WARNING * * *
The sixfirhy barely misses you.
You hear a shout!
You are too injured to fight recklessly!
You are too injured to fight recklessly!
You are too injured to fight recklessly!
You are too injured to fight recklessly!
You are too injured to fight recklessly!
You are too injured to fight recklessly!
You are too injured to fight recklessly!
You are too injured to fight recklessly!
You fail to use your ability.
The sixfirhy barely misses you. You block the sixfirhy's attack.
The centaur warrior hits you with the +8 arc blade {discharge, rElec}.
* * * LOW HITPOINT WARNING * * *
The arc blade crackles.
The air crackles with electrical energy.
The sixfirhy hits you but does no damage.
The skeletal warrior hits you from afar with a +0 halberd.
You block the centaur warrior's attack.
The sixfirhy hits you but does no damage.
You feel much better. You block the sixfirhy's attack.
The centaur warrior hits you with the +8 arc blade {discharge, rElec}.
* * * LOW HITPOINT WARNING * * *
The orc knight roars a battlecry!
The orc goes into a battle-frenzy!
You block the skeletal warrior's attack.
Evoke which item? (* to show all) (? for menu, Esc to quit)
Okay, then.
Okay, then.
As you read the scroll labeled WOEKEFU IRAMO, it crumbles to dust.
You hear a loud clanging noise!
It was a scroll of noise.
You hear a bark!
The centaur warrior hits you with the +8 arc blade {discharge, rElec}.
The arc blade crackles.
The skeletal warrior is struck by an arc of lightning.
You block the skeletal warrior's attack.
The centaur warrior hits you with the +8 arc blade {discharge, rElec}.
You feel much better. You block the sixfirhy's attack.
The centaur warrior hits you with the +8 arc blade {discharge, rElec}.
The arc blade crackles.
The skeletal warrior is struck by an arc of lightning!
You are struck by an arc of lightning.
You feel much better. You block the sixfirhy's attack. The sixfirhy hits you.
The sixfirhy shocks you! You block the sixfirhy's attack.
The skeletal warrior hits you from afar with a +0 halberd.
The centaur warrior closely misses you.
The storm dragon breathes lightning at you.
The bolt of lightning hits the centaur warrior!
The centaur warrior resists.
The bolt of lightning hits you!!!
* * * LOW HITPOINT WARNING * * *
The bolt of lightning misses you. The sixfirhy hits you.
* * * LOW HITPOINT WARNING * * *
The sixfirhy shocks you!
* * * LOW HITPOINT WARNING * * *
Your magical essence is drained by the effort!
You feel much better.
The sixfirhy hits you but does no damage.
The sixfirhy hits you. The sixfirhy shocks you!
* * * LOW HITPOINT WARNING * * *
You block the sixfirhy's attack.
The centaur warrior hits you with the +8 arc blade {discharge, rElec}!
* * * LOW HITPOINT WARNING * * *
The skeletal warrior closely misses you.
The centaur warrior hits you with the +8 arc blade {discharge, rElec}!
You die...

* ** # #.# # #.# #
##.#*##### # * ..., ...#
* #.#####)######## # *
#.#.((.#.∩......
*#####.###).(###.########
......3@).(## #.#
######c###.# #.#


kzh ###* #.# * , > #o3ho ,** ..# , , #..KKK, *### #....## , * , .....,, , , * *
* * ,* * ...#., , , ,, ,* * , , , , * * You could see an orc knight, a skeletal
warrior, a centaur warrior, a lindwurm, 2 sixfirhies, a raiju, a warg, an orc
and 3 kobolds.

Vanquished Creatures
  Fannar (D:11)
  Harold (D:7)
  Erica (D:8)
  4 two-headed ogres
  9 skeletal warriors
  An unseen horror (D:11)
  Pikel (D:7)
  A wizard (Gauntlet)
  A manticore (D:13)
  4 ugly things
  A deep elf mage (D:10)
  2 cyclopes
  Joseph (D:8)
  A gargoyle (D:12)
  A hellion (Gauntlet)
  Maggie (D:7)
  A queen bee (Gauntlet)
  2 trolls
  Grinder (D:6)
  A hornet (D:9)
  6 slime creatures (D:8)
  A hippogriff (shapeshifter) (D:13)
  A hippogriff (D:9)
  2 wyverns
  A basilisk (D:11)
  10 yaks
  A human (D:10)
  A steam dragon (D:13)
  2 hungry ghosts
  Duvessa (D:4)
  3 water moccasins
  8 orc warriors
  9 sky beasts
  2 black bears
  2 phantoms
  An eye of draining (D:11)
  5 ice beasts
  A swamp drake (D:10)
  5 ogres
  3 necrophages (D:9)
  7 centaurs
  2 crocodiles (D:9)
  4 big kobolds
  7 bullfrogs
  A gnoll sergeant (D:5)
  Dowan (D:4)
  A wyvern skeleton (D:8)
  2 scorpions
  5 killer bees (Gauntlet)
  An electric eel (D:11)
  18 wights
  4 howler monkeys
  5 crimson imps
  A quasit (D:8)
  A centaur zombie (D:6)
  4 hounds
  5 jellies
  5 orc priests
  A bullfrog skeleton (D:9)
  4 centaur skeletons
  A gnoll shaman (D:7)
  An iguana (D:9)
  14 orc wizards
  4 worker ants
  2 hound zombies
  5 hound skeletons
  9 gnolls
  12 adders
  7 shadow imps
  2 white imps (Gauntlet)
  3 adder zombies
  An ooze (D:7)
  2 adder skeletons
  4 worms
  3 dart slugs
  5 leopard geckos
  44 orcs
  2 ball pythons
  6 bats
  5 giant cockroaches
  8 goblins
  6 hobgoblins
  6 jackals (D:2)
  23 kobolds
  2 quokkas (D:6)
  A frilled lizard (D:2)
  A leopard gecko skeleton (D:5)
  A quokka skeleton (D:5)
  6 rats
366 creatures vanquished.

Vanquished Creatures (collateral kills)
  A minotaur (Gauntlet)
1 creature vanquished.

Vanquished Creatures (others)
  A black bear (D:7)
  A slave (D:7)
  A centaur (D:7)
  A scorpion (D:7)
  A kobold (D:7)
  2 fungi
  2 plants (Gauntlet)
9 creatures vanquished.

Grand Total: 376 creatures vanquished

Notes
Turn   | Place    | Note
-------+----------+-------------------------------------------
     0 | D:1      | EnegeticOcto the Deep Dwarf Fighter began the quest for the
                  | Orb.
     0 | D:1      | Reached XP level 1. HP: 20/20 MP: 1/1
    93 | D:1      | Reached XP level 2. HP: 24/27 MP: 2/2
   339 | D:2      | Reached XP level 3. HP: 19/34 MP: 3/3
   389 | D:2      | Found a sacrificial altar of Ru.
   397 | D:2      | Reached skill level 1 in Dodging
   397 | D:2      | Reached XP level 4. HP: 39/42 MP: 4/4
   494 | D:3      | Found a burning altar of Makhleb.
   506 | D:3      | Became a worshipper of Makhleb the Destroyer
   869 | D:3      | Reached skill level 1 in Invocations
   869 | D:3      | Reached XP level 5. HP: 31/49 MP: 5/5
  1133 | D:4      | Found a hazy altar of Hepliaklqana.
  1183 | D:4      | Found a staircase to the Ecumenical Temple.
  1366 | D:4      | Found Sexotwakhua's Food Emporium.
  1501 | D:4      | Reached skill level 2 in Invocations
  1860 | D:4      | Noticed Duvessa
  1861 | D:4      | Noticed Dowan
  1879 | D:4      | Killed Duvessa
  1879 | D:4      | Reached XP level 6. HP: 38/57 MP: 6/8
  1895 | D:4      | Killed Dowan
  1895 | D:4      | Reached skill level 3 in Invocations
  1999 | D:5      | Entered Level 5 of the Dungeon
  2122 | D:5      | Reached * piety under Makhleb
  2133 | D:5      | Found an opulent altar of Gozag.
  2136 | D:5      | Found a shattered altar of Ashenzari.
  2238 | D:5      | Reached XP level 7. HP: 34/64 MP: 9/9
  2346 | D:5      | Found a glowing silver altar of Zin.
  2381 | D:5      | Reached skill level 4 in Invocations
  2521 | D:5      | Reached skill level 5 in Axes
  2667 | D:5      | Reached XP level 8. HP: 32/73 MP: 10/10
  2672 | D:5      | Got a shimmering scale mail
  2683 | D:5      | Identified the cursed +1 scale mail of Morality {rC- Int+5
                  | SInv} (You found it on level 5 of the Dungeon)
  2871 | D:6      | Noticed Grinder
  2888 | D:6      | Killed Grinder
  2888 | D:6      | Reached skill level 5 in Fighting
  2888 | D:6      | Reached skill level 5 in Shields
  2888 | D:6      | Reached skill level 5 in Invocations
  3026 | D:6      | Reached ** piety under Makhleb
  3026 | D:6      | Reached skill level 5 in Armour
  3188 | D:6      | Found a runed translucent door.
  3188 | D:6      | Found a shimmering altar of Xom.
  3188 | D:6      | Noticed derval's ghost (novice DEIE)
  3188 | D:6      | Noticed a +0 trident of chaos
  3253 | D:6      | Reached skill level 6 in Invocations
  3266 | D:6      | Found an iron altar of Okawaru.
  3417 | D:7      | Noticed Pikel
  3425 | D:7      | Killed Pikel
  3425 | D:7      | Gained mutation: You passively map the area around you.
                  | [Deep Dwarf growth]
  3425 | D:7      | Reached XP level 9. HP: 46/82 MP: 11/13
  3557 | D:7      | Reached skill level 7 in Invocations
  3960 | D:7      | Reached *** piety under Makhleb
  3972 | D:7      | Noticed Maggie
  3988 | D:7      | Killed Maggie
  3998 | D:7      | Found a radiant altar of Vehumet.
  4078 | D:7      | Reached skill level 8 in Invocations
  4146 | D:7      | Noticed Harold
  4158 | D:7      | Killed Harold
  4158 | D:7      | Reached skill level 5 in Dodging
  4158 | D:7      | Reached XP level 10. HP: 76/92 MP: 14/14
  4953 | D:8      | Noticed Joseph
  4978 | D:8      | Killed Joseph
  5085 | D:8      | Reached skill level 9 in Invocations
  5104 | D:8      | Found a hide-covered altar of Uskayaw.
  5134 | D:8      | Found a sparkling altar of Nemelex Xobeh.
  5163 | D:8      | Found a shadowy altar of Dithmenos.
  5169 | D:8      | Noticed a two-headed ogre
  5176 | D:8      | Killed a two-headed ogre
  5339 | D:8      | Noticed Erica
  5377 | D:8      | Killed Erica
  5377 | D:8      | Reached skill level 10 in Invocations
  5377 | D:8      | Reached XP level 11. HP: 67/103 MP: 12/12
  5528 | D:8      | Reached **** piety under Makhleb
  5806 | D:9      | Noticed a two-headed ogre
  5815 | D:9      | Killed a two-headed ogre
  5920 | D:9      | Found a stormy altar of Qazlal.
  6010 | D:9      | Found an ornate altar of the Wu Jian Council.
  6085 | D:9      | Found a runed translucent door.
  6124 | D:9      | Found a staircase to the Lair.
  6153 | D:9      | Reached ***** piety under Makhleb
  6594 | D:10     | Entered Level 10 of the Dungeon
  6656 | D:10     | Noticed a deep elf mage
  6678 | D:10     | Killed a deep elf mage
  6764 | D:10     | Noticed a two-headed ogre
  6769 | D:10     | Killed a two-headed ogre
  6769 | D:10     | Reached skill level 10 in Axes
  6769 | D:10     | Reached skill level 11 in Invocations
  6835 | D:10     | Found a staircase to the Orcish Mines.
  7407 | D:11     | Noticed a cyan ugly thing
  7420 | D:11     | Killed a cyan ugly thing
  7443 | D:11     | Reached XP level 12. HP: 70/114 MP: 11/11
  7443 | D:11     | Reached ****** piety under Makhleb
  7636 | D:11     | Reached skill level 12 in Invocations
  7865 | D:11     | Noticed Fannar
  7893 | D:11     | Killed Fannar
  8129 | D:11     | Gained mutation: You have sharp toenails. [potion of
                  | mutation]
  8129 | D:11     | Gained mutation: Your flesh is heat resistant. (rF+)
                  | [potion of mutation]
  8129 | D:11     | Gained mutation: You have a pair of small horns on your
                  | head. [potion of mutation]
  8129 | D:11     | Gained mutation: You are robust. (+10% HP) [potion of
                  | mutation]
  8154 | D:12     | Found an iron altar of Okawaru.
  8325 | D:12     | Found an opulent altar of Gozag.
  8727 | D:13     | Noticed a two-headed ogre
  8734 | D:13     | Killed a two-headed ogre
  8782 | D:13     | Reached skill level 10 in Fighting
  8788 | D:13     | Found a gate leading to a gauntlet.
  8797 | Gauntlet | Entered a Gauntlet
  8797 | Gauntlet | Found a transporter.
  8797 | Gauntlet | Found a transporter.
  8797 | Gauntlet | Found a transporter.
  8807 | Gauntlet | Found a transporter.
  8810 | Gauntlet | Found a transporter.
  8821 | Gauntlet | Found a transporter.
  8821 | Gauntlet | Found a transporter.
  8829 | Gauntlet | Found a transporter.
  8829 | Gauntlet | Noticed an entropy weaver
  8847 | Gauntlet | Found a transporter.
  8864 | Gauntlet | Found a transporter.
  8867 | Gauntlet | Found a transporter.
  8877 | Gauntlet | Found a transporter.
  9022 | Gauntlet | Got a scintillating copper ring
  9024 | Gauntlet | Got a heavily runed amethyst amulet
  9025 | Gauntlet | Identified the amulet "Vuirhez" {Reflect rC+ rN+ Int+9
                  | Dex-3 SH+4} (You found it in a Gauntlet)
  9027 | Gauntlet | Identified the ring "Fobeoh" {*Drain rN+ MP+9 SInv} (You
                  | found it in a Gauntlet)
  9121 | Gauntlet | Identified the +9 quarterstaff "Tak Gueta" {elec, +Inv rC-
                  | Dex+5 Stlth+}
  9121 | Gauntlet | Noticed a minotaur
  9141 | Gauntlet | Killed a minotaur
  9172 | D:13     | Reached skill level 13 in Invocations
  9172 | D:13     | Reached XP level 13. HP: 71/135 MP: 4/4
  9187 | D:13     | Noticed a storm dragon
  9215 | D:13     | Mangled by a centaur warrior

Levels and vault maps discovered:
D:1:      dpeg_arrival_refuge, layout_loops_ring
D:2:      layout_rooms, nicolae_ru_great_annihilating_truth, minmay_3d_cube
D:3:      layout_loops_ring, old_standard_altar, first_ration
D:4:      layout_layer_cave, lemuel_crystal_altar, minmay_temple_entry_trees,
          serial_shops, shop, chequers_serial_rivers_micro_e,
          grunt_decor_one_mirror, uniq_duvessa
D:5:      layout_basic, lemuel_crystal_altar, nicolae_overflow_hidden_temple
D:6:      layout_rooms, ebering_ghost_xom, okawaru_altar_gauntlet_db,
          uniq_grinder
D:7:      wad_river_or_something, layout_layer_cave, vehumet_altar_wand_db,
          uniq_pikel, uniq_maggie, uniq_harold
D:8:      layout_gridville, lemuel_doored_altar, kennysheep_mini_moat,
          grunt_dithmenos_smoke_and_mirrors, kennysheep_decorative_pillar,
          uniq_joseph, uniq_erica
D:9:      minmay_razor_zed, layout_loops_ring, old_standard_altar,
          nicolae_qazlal_eye_of_the_storm, david_lair_generic, minmay_st_funbox
D:10:     layout_cave_pools, erik_orc_1, hangedman_stone_soup
D:11:     layout_irregular_city, nicolae_lava_and_water, uniq_fannar
D:12:     layout_cave_pools, basic_altar, grunt_gozag_breadcrumbs
D:13:     minmay_shoctagon, layout_loops_ring, gauntlet_entry_generic,
          minmay_hidden_floor

Skill      XL: |  1  2  3  4  5  6  7  8  9 10 11 12 13 |
---------------+----------------------------------------+-----
Fighting       | 3 4 5 6 7 9 10 | 10.2
Axes           | 3 4 5 6 7 9 10 11 | 11.8
Dodging        | 1 2 3 4 5 6 7 8 |  8.3
Invocations    | 1 2 3 4 6 8 10 11 13 | 13.1
Shields        | 4 5 6 7 8 9 |  9.1
Armour         | 4 5 6 7 8 9 |  9.0

Action                   |  1- 3 |  4- 6 |  7- 9 | 10-12 | 13-15 || total
-------------------------+-------+-------+-------+-------+-------++-------
Melee: War axe           |    80 |   166 |    27 |       |       ||   273
       Broad axe         |       |       |   293 |   748 |    27 ||  1068
       Kick              |       |       |       |    39 |    11 ||    50
       Headbutt          |       |       |       |    28 |     1 ||    29
Invok: Lesser Servant of |       |       |       |     4 |       ||     4
 Abil: Heal Wounds       |     1 |     4 |     7 |    45 |     9 ||    66
Evoke: Wand              |       |       |       |       |     3 ||     3
  Use: Scroll            |       |       |    16 |     9 |     1 ||    26
       Potion            |       |       |       |     2 |       ||     2
 Stab: Paralysed         |       |     2 |       |       |       ||     2
       Invisible         |       |     1 |       |       |       ||     1
       Confused          |       |       |       |     1 |       ||     1
  Eat: Chunk             |       |     4 |     8 |    16 |       ||    28
       Ration            |       |       |       |     1 |       ||     1
Armor: Scale mail        |    63 |    31 |       |       |       ||    94
       Chain mail        |       |    46 |   128 |   232 |       ||   406
       Plate armour      |       |       |       |    20 |    19 ||    39
Dodge: Dodged            |    33 |    52 |   126 |   279 |    21 ||   511
Block: Kite shield       |    61 |   116 |   222 |   508 |    33 ||   940

Table legend:
 A = Non-vault XP
 B = Vault XP
 C = Vault XP percentage of total XP
 D = Non-vault monster count
 E = Vault monster count
 F = Vault count percentage of total count
                 A         B        C        D         E       F
            +---------+---------+-------+---------+---------+-------
      Total |   30100 |   11365 |  27.4 |     294 |      73 |  19.9
            +---------+---------+-------+---------+---------+-------
        D:1 |      18 |       0 |   0.0 |       9 |       0 |   0.0
        D:2 |      46 |      41 |  47.1 |      17 |       4 |  19.0
        D:3 |     118 |       0 |   0.0 |      26 |       0 |   0.0
        D:4 |     112 |     234 |  67.6 |       6 |       2 |  25.0
        D:5 |     877 |       0 |   0.0 |      21 |       0 |   0.0
        D:6 |     546 |     301 |  35.5 |      12 |       7 |  36.8
        D:7 |     811 |    2515 |  75.6 |      19 |      10 |  34.5
        D:8 |    4264 |    1389 |  24.6 |      37 |       2 |   5.1
        D:9 |    1793 |    2003 |  52.8 |      25 |      14 |  35.9
       D:10 |    4163 |    1309 |  23.9 |      35 |      21 |  37.5
       D:11 |    8106 |     981 |  10.8 |      36 |       1 |   2.7
       D:12 |    3447 |       0 |   0.0 |      32 |       0 |   0.0
       D:13 |    5799 |       0 |   0.0 |      19 |       0 |   0.0
   Gauntlet |       0 |    2592 | 100.0 |       0 |      12 | 100.0
            +---------+---------+-------+---------+---------+-------
